 Dungeon Crawl Stone Soup version 0.26.1-11-gd32895ea62 (webtiles) character file.

Game seed: 6907600683093999819

593 Zeld the Twirler (level 7, -1/45 HPs)
             Began as an Octopode Gladiator on May 20, 2021.
             Slain by an ice beast (13 damage)
             ... on level 2 of the Dungeon.
             The game lasted 00:07:20 (7109 turns).

Zeld the Twirler (Octopode Gladiator)               Turns: 7109, Time: 00:07:20

Health: -1/45      AC:  1    Str: 13    XL:     7   Next: 39%
Magic:  7/7        EV: 14    Int: 11    God:
Gold:   179        SH:  0    Dex: 15    Spells: 6/6 levels left

rFire    . . .     SeeInvis .   a - +0 quarterstaff
rCold    . . .     Faith    .   (shield currently unavailable)
rNeg     . . .     Spirit   .   b - +0 hat
rPois    .         Reflect  .   (no amulet)
rElec    .         Harm     .   (no ring)
rCorr    .         Rampage  .   (no ring)
Will     .....                  (no ring)
Stlth    ++........             (no ring)
HPRegen  0.15/turn              (no ring)
MPRegen  0.10/turn              (no ring)
                                (no ring)
                                (no ring)

@: no status effects
A: almost no armour, stealthy swim, amphibious, 8 rings, constrict 8, camouflage
1, gelatinous body 1
a: no special abilities


You were on level 2 of the Dungeon.
You visited 1 branch of the dungeon, and saw 4 of its levels.

You collected 179 gold pieces.

Inventory:

Hand Weapons
 a - a +0 quarterstaff (weapon)
Missiles
 c - 3 throwing nets (quivered)
 q - 5 boomerangs
Armour
 b - a +0 hat (worn)
Jewellery
 t - a +4 ring of protection {unknown}
Wands
 u - a wand of enslavement (9)
 w - a wand of random effects (23)
Scrolls
 e - 3 scrolls of enchant weapon {unknown}
 f - 4 scrolls of identify {unknown}
 g - 4 scrolls of teleportation {unknown}
 h - 3 scrolls of remove curse {unknown}
 i - 2 scrolls of immolation {unknown}
 j - a scroll of enchant armour {unknown}
 o - a scroll of random uselessness {unknown}
 p - a scroll of amnesia {unknown}
 s - a scroll of magic mapping {unknown}
Potions
 d - 2 potions of berserk rage {unknown}
 k - a potion of might {unknown}
 l - a potion of heal wounds {unknown}
 m - a potion of flight {unknown}
 n - 2 potions of curing {unknown}
 r - a potion of lignification {unknown}
 v - a potion of magic {unknown}


   Skills:
 - Level 2.0 Fighting
 * Level 6.2 Staves
 * Level 5.7 Throwing
 - Level 3.0 Dodging


You had 6 spell levels left.
You didn't know any spells.
Your spell library was empty.

Dungeon Overview and Level Annotations

Branches:
Dungeon (4/15)
 Temple: D:4-7

Altars:


Innate Abilities, Weirdness & Mutations

You cannot wear most types of armour.
You are very stealthy in the water. (Stealth+)
You are amphibious.
You can wear up to eight rings at the same time.
You can use your tentacles to constrict eight enemies at once.
Your skin changes colour to match your surroundings (Stealth+).
Your rubbery body absorbs attacks. (AC +1, EV +1)


Message History

The ice beast hits you. The ice beast freezes you!
You hit the ice beast.
The ice beast is heavily wounded.
The ice beast hits you. The ice beast freezes you.
You hit the ice beast but do no damage.
The ice beast is heavily wounded.
The ice beast barely misses you.
You hit the ice beast.
The ice beast is severely wounded.
The ice beast hits you. The ice beast freezes you!
You are too injured to fight recklessly!
You are too injured to fight recklessly!
You are too injured to fight recklessly!
You are too injured to fight recklessly!
You closely miss the ice beast.
The ice beast is severely wounded.
The ice beast hits you.
* * * LOW HITPOINT WARNING * * *
The ice beast freezes you!
You die...

#..........####.#........#####.
#.....##..................# ##
###........####.............####
#...........######.............##
#####.###.#...)###...............
#.# #.####...#............... #.#
#.)<>.##...........#..... #.#
#..##.######......##..... #.#
#.......@Y#####..)##..... #.#
#.###........###......... #.#
#).######.##.####..#..... #.#
##.# #.##..#.<........ #.# #.#
##...#.......[....
###[####.#####.................
#......#.##...............###.#
#............##......<..#.##..#
#............##..............##


You could see an ice beast.

Vanquished Creatures
  An ogre (D:4)
  Blork the orc (D:4)
  A hound (D:4)
  An orc priest (D:3)
  An iguana (D:4)
  3 worker ants (D:4)
  An orc wizard (D:3)
  A hound skeleton (D:4)
  5 adders
  9 gnolls
  2 oozes
  An adder skeleton (D:4)
  4 worms
  3 dart slugs
  4 leopard geckos
  7 orcs
  9 bats
  7 giant cockroaches
  8 goblins
  6 hobgoblins
  A quokka (D:4)
  A ball python (D:4)
  4 frilled lizards
  7 kobolds
  12 rats
100 creatures vanquished.

Notes
Turn   | Place    | Note
-------+----------+-------------------------------------------
     0 | D:1      | Zeld the Octopode Gladiator began the quest for the Orb.
     0 | D:1      | Reached XP level 1. HP: 14/14 MP: 1/1
   282 | D:1      | Reached XP level 2. HP: 8/19 MP: 2/2
   691 | D:1      | Reached XP level 3. HP: 20/24 MP: 3/3
  1933 | D:1      | Reached XP level 4. HP: 16/29 MP: 4/4
  2294 | D:1      | Reached skill level 4 in Staves
  2509 | D:2      | Noticed an ice beast
  3208 | D:2      | Reached XP level 5. HP: 28/34 MP: 5/5
  4680 | D:3      | Reached skill level 5 in Staves
  4680 | D:3      | Reached XP level 6. HP: 7/39 MP: 6/6
  6058 | D:4      | Reached skill level 5 in Throwing
  6082 | D:4      | Reached XP level 7. HP: 35/45 MP: 7/7
  6260 | D:4      | Noticed Blork the orc
  6283 | D:4      | Reached skill level 6 in Staves
  6512 | D:4      | Killed Blork the orc
  7109 | D:2      | Slain by an ice beast

Illustrated notes

Levels and vault maps discovered:
D:1:      lightli_arrival_statue_moat, layout_rooms, minmay_tromino_v4_c
D:2:      layout_rooms, patterned_corridor
D:3:      layout_basic
D:4:      layout_basic, hangedman_abyss_or_decor_lesser_grid, uniq_blork_the_orc

Skill      XL: |  1  2  3  4  5  6  7 |
---------------+----------------------+-----
Throwing       | 3 4 5 |  5.7
Staves         | 4 5 6 |  6.2
Fighting       | |  2.0
Dodging        | |  3.0

Action                   |  1- 3 |  4- 6 |  7- 9 || total
-------------------------+-------+-------+-------++-------
Melee: Quarterstaff      |    76 |   124 |    33 ||   233
       Constrict         |    26 |    28 |     8 ||    62
       Tentacles         |    18 |    17 |     7 ||    42
 Stab: Sleeping          |     3 |     7 |     1 ||    11
Armor: Skin              |     6 |     6 |     2 ||    14
Dodge: Dodged            |    84 |    78 |    18 ||   180
